AoeStats
← IdliDosa

Lombardia

508904901Analyzed
4v4 RM · 7d ago on Sep 24, 2026· 83m 56s· 8 players
Game mode
Random Map
Map size
Large (8 player)
Population
200
Speed
Normal
Resources
Standard
Victory
Conquest
Starting age
Dark Age
Ending age
Imperial Age
RankedLock teamsTeams togetherTeam positionsShared explorationLock speedFull tech treeHidden civsTurbo modeCheats
Victory
Defeat
🇨🇳 Varangians · China
1287
+14
1258
+15
🇮🇳 Goths · India
1212
+17
🇸🇮 Saxons · Slovenia
1273
-17
🇬🇧 Lithuanians · United Kingdom
1248
-16
🇦🇷 Jurchens · Argentina
1244
-16
🇲🇽 Turks · Mexico
1175
-13
Hbx_蒙古国海军司令
10:02 Feudal Age
11:24 Loom
15:33 Castle Age
14:12 Double-Bit Axe
23:52 Bow Saw
24:45 Wheelbarrow
24:58 Horse Collar
27:17 Hand Cart
27:17 Gold Mining
27:17 Stone Mining
31:37 Imperial Age
29:39 Squires
29:25 Gambesons
29:26 Arson
29:43 Scale Mail Armor
29:53 Forging
32:09 Chain Mail Armor
32:29 Iron Casting
33:59 Gold Shaft Mining
33:12 Elite Varangian Guard
34:00 Heavy Plow
35:11 Two-Man Saw
34:42 Plate Mail Armor
34:18 Town Watch
35:17 Treadmill Crane
36:38 Chemistry
37:40 Conscription
36:42 Shield Wall
37:58 Hoardings
42:30 Capped Ram
43:56 Siege Ram
55:55 Pikeman
56:17 Onager
59:19 Caravan
60:42 Halberdier
61:29 Town Patrol
75:05 Coinage
75:39 Man-at-Arms
76:53 Long Swordsman
77:30 Two-Handed Swordsman
78:09 Champion
80:40 Banking
2987052186
12:23 Feudal Age
17:11 Castle Age
16:43 Double-Bit Axe
17:10 Horse Collar
25:17 Wheelbarrow
24:47 Loom
27:00 Heavy Plow
27:12 Bow Saw
28:13 Gold Mining
28:15 Stone Mining
32:57 Imperial Age
32:40 Bloodlines
32:32 Husbandry
33:36 Forging
33:32 Scale Barding Armor
33:11 Elite Jarl
35:05 Iron Casting
36:19 Chain Barding Armor
36:48 Conscription
38:01 Plate Barding Armor
38:27 Blast Furnace
37:48 Hand Cart
42:33 Cavalier
43:18 Vendel Legacy
49:30 Light Cavalry
51:29 Hussar
55:06 Crop Rotation
59:34 Caravan
65:29 Two-Man Saw
78:09 Capped Ram
80:01 Siege Ram
IdliDosa
10:36 Feudal Age
8:52 Loom
10:42 Feudal Age
11:13 Double-Bit Axe
11:10 Horse Collar
19:41 Castle Age
21:07 Gold Mining
21:07 Stone Mining
21:31 Bow Saw
21:22 Heavy Plow
22:04 Wheelbarrow
28:35 Town Watch
30:14 Hand Cart
35:24 Imperial Age
33:19 Anarchy
33:45 Scale Mail Armor
33:55 Forging
34:31 Stone Shaft Mining
34:09 Squires
33:31 Pikeman
35:04 Chain Mail Armor
36:33 Iron Casting
36:30 Conscription
36:27 Perfusion
36:08 Elite Huskarl
40:53 Chemistry
40:02 Halberdier
41:44 Blast Furnace
42:07 Man-at-Arms
42:41 Long Swordsman
43:07 Two-Handed Swordsman
44:39 Champion
46:04 Crop Rotation
46:41 Ballistics
46:14 Fletching
46:24 Padded Archer Armor
50:02 Treadmill Crane
50:33 Masonry
50:19 Bodkin Arrow
50:40 Leather Archer Armor
51:09 Bracer
53:02 Architecture
54:11 Murder Holes
56:37 Caravan
62:44 Two-Man Saw
65:52 Town Patrol
71:23 Ring Archer Armor
70:15 Elite Skirmisher
16岁少女在公交车上被11个大汉轮流让座
11:23 Feudal Age
11:59 Loom
12:26 Double-Bit Axe
12:55 Horse Collar
16:38 Scale Mail Armor
20:32 Castle Age
19:30 Gold Mining
21:41 Bow Saw
22:15 Heavy Plow
25:20 Stone Mining
27:54 Pikeman
35:41 Squires
41:11 Imperial Age
39:21 Wheelbarrow
39:51 Gold Shaft Mining
39:52 Stone Shaft Mining
41:09 Chain Mail Armor
41:04 Forging
41:59 Hand Cart
41:30 Town Watch
42:43 Halberdier
43:09 Gambesons
42:48 Elite Varangian Guard
43:17 Arson
44:03 Plate Mail Armor
44:09 Iron Casting
44:19 Onager
44:22 Capped Ram
46:00 Hamask
47:01 Conscription
51:15 Blast Furnace
50:36 Onager
52:36 Siege Engineers
53:33 Chemistry
54:07 Siege Onager
61:24 Elite Varangian Guard
64:30 Town Patrol
64:30 Siege Ram
71:31 Masonry
71:14 Fletching
73:58 Elite Jomsviking
81:27 Caravan
Ragnar-Lothbrok
11:32 Feudal Age
18:04 Castle Age
16:54 Gold Mining
17:14 Double-Bit Axe
17:43 Loom
20:32 Bow Saw
21:31 Town Watch
24:07 Stone Mining
25:15 Gold Shaft Mining
26:59 Wheelbarrow
26:28 Town Patrol
30:27 Imperial Age
28:31 Hand Cart
30:02 Treadmill Crane
30:29 Padded Archer Armor
36:16 Ballistics
36:37 Conscription
38:37 Two-Man Saw
39:05 Artillery
40:27 Elite Janissary
41:44 Hoardings
42:18 Fletching
42:45 Leather Archer Armor
44:22 Caravan
45:35 Bloodlines
49:01 Scale Barding Armor
49:07 Forging
48:53 Bodkin Arrow
49:02 Husbandry
48:25 Heavy Camel Rider
52:16 Chain Barding Armor
60:16 Plate Barding Armor
60:17 Iron Casting
65:21 Blast Furnace
73:48 Bracer
73:49 Scale Mail Armor
74:20 Ring Archer Armor
boluwatifeajibade
6:04 Loom
8:28 Feudal Age
11:08 Double-Bit Axe
11:08 Horse Collar
19:42 Castle Age
18:40 Scale Barding Armor
18:47 Bloodlines
20:10 Forging
21:10 Bow Saw
25:22 Wheelbarrow
25:19 Heavy Plow
28:52 Chain Barding Armor
31:46 Iron Casting
33:34 Gold Mining
33:35 Stone Mining
37:29 Imperial Age
35:17 Hand Cart
37:26 Stone Shaft Mining
37:49 Husbandry
38:47 Plate Barding Armor
37:36 Cavalier
39:19 Elite Leitis
42:06 Conscription
55:59 Caravan
57:40 Fletching
58:13 Ballistics
58:54 Chemistry
58:38 Light Cavalry
60:55 Bodkin Arrow
61:28 Masonry
60:57 Winged Hussar
66:53 Bracer
m00n
10:51 Feudal Age
13:09 Double-Bit Axe
15:57 Castle Age
14:59 Horse Collar
15:54 Wheelbarrow
22:39 Heavy Plow
25:04 Bow Saw
27:56 Hand Cart
28:14 Gold Mining
32:23 Imperial Age
29:39 Loom
29:40 Town Watch
31:03 Gold Shaft Mining
30:19 Stone Mining
31:09 Fletching
31:19 Padded Archer Armor
33:33 Ballistics
33:24 Masonry
33:25 Fortified Wall
33:13 Bodkin Arrow
33:34 Leather Archer Armor
33:24 Scale Mail Armor
33:34 Forging
33:45 Guilds
34:09 Crop Rotation
34:41 Two-Man Saw
34:37 Pikeman
35:18 Squires
35:03 Arson
36:05 Bracer
36:35 Ring Archer Armor
36:21 Chain Mail Armor
37:08 Chemistry
36:39 Architecture
36:14 Siege Engineers
37:39 Thumb Ring
36:54 Crossbowman
36:57 Halberdier
38:16 Iron Casting
38:57 Arbalester
42:29 Plate Mail Armor
41:52 Man-at-Arms
42:17 Gambesons
43:03 Murder Holes
42:49 Treadmill Crane
43:31 Long Swordsman
45:00 Caravan
45:11 Two-Handed Swordsman
46:05 Champion
49:12 Coinage
49:56 Shield Wall
50:57 Conscription
53:58 Banking
62:47 Scale Barding Armor
63:11 Husbandry
63:22 Bloodlines
62:32 Light Cavalry
62:40 Light Cavalry
63:47 Hussar
64:50 Chain Barding Armor
TomasRu
11:38 Feudal Age
15:33 Castle Age
13:25 Double-Bit Axe
14:18 Horse Collar
16:43 Bow Saw
23:36 Ballistics
23:11 Gold Mining
24:26 Wheelbarrow
25:27 Caravan
29:25 Siege Engineers
31:29 Town Watch
33:09 Padded Archer Armor
38:38 Imperial Age
40:40 Chemistry
43:03 Leather Archer Armor
43:35 Hand Cart
43:06 Loom
45:08 Thunderclap Bombs
50:56 Murder Holes
Connection lost

Rejoining the realm…

Still unreachable

The connection could not be restored.

Session expired

The server has moved on; the page needs a fresh start.